 Dungeon Crawl Stone Soup version 0.18.1-8-gdd0e5ea (webtiles) character file.

59948 sleepydude the Bludgeoner (level 14, -6/129 HPs)
             Began as a Minotaur Berserker on June 10, 2016.
             Was a High Priest of Trog.
             Killed from afar by an acid blob (10 damage)
             ... with a splash of acid
             ... on level 6 of the Lair of Beasts on June 11, 2016.
             The game lasted 02:15:33 (20596 turns).

sleepydude the Bludgeoner (Minotaur Berserker)     Turns: 20596, Time: 02:15:33

Health: -6/129     AC: 10    Str: 30    XL:     14   Next: 55%
Magic:  13/13      EV: 18    Int: 11    God:    Trog [*****.]
Gold:   1212       SH:  7    Dex: 14    Spells: 0 memorised, 13 levels left

rFire  . . .     SeeInvis .     a - +2 eveningstar of Neurosis {freeze, +Rage rElec Str+4 Int+7}
rCold  + . .     Gourm    .     b - +0 plate armour
rNeg   . . .     Faith    .     K - +0 buckler {rC+}
rPois  .         Spirit   .     z - +2 hat
rElec  +         Dismiss  .     l - +0 cloak
rCorr  .         Reflect  .     (no gloves)
SustAt .         Harm     .     p - +1 pair of boots {Fly}
MR     ++...                    y - amulet of rage
Stlth  ..........               s - +3 ring of strength
                                j - +4 ring of evasion

@: corroded, flying, very resistant to hostile enchantments, extremely
unstealthy
A: retaliatory headbutt, horns 2, magic resistance 1
a: Berserk, Trog's Hand, Brothers in Arms, Burn Spellbooks, Renounce Religion,
Evoke Berserk Rage, Stop Flying


You were on level 6 of the Lair of Beasts.
You worshipped Trog.
Trog was extremely pleased with you.
You were hungry.

You visited 3 branches of the dungeon, and saw 20 of its levels.

You collected 1280 gold pieces.
You spent 68 gold pieces at shops.

Inventory:

Hand Weapons
 a - the +2 eveningstar of Neurosis (weapon) {freeze, +Rage rElec Str+4 Int+7}
   (You acquired it on level 1 of the Lair of Beasts)

   It has been specially enchanted to freeze those struck by it, causing extra
   injury to most foes and up to half again as much damage against particularly
   susceptible opponents.
   It can also slow down cold-blooded creatures.
   It affects your strength (+4).
   It affects your intelligence (+7).
   It insulates you from electricity.
   It lets you go berserk.
 x - a +2 mace of venom
 H - a +0 morningstar of protection
 X - a +3 flail of protection
Missiles
 A - 113 poisoned needles
 Q - 5 tomahawks of dispersal (quivered)
Armour
 b - a +0 plate armour (worn)
 l - a +0 cloak (worn)
 p - a +1 pair of boots of flying (worn)
 z - a +2 hat (worn)
 D - a +0 fire dragon armour
 K - a +0 buckler of cold resistance (worn)
Jewellery
 h - an uncursed ring of protection from fire
 j - a +4 ring of evasion (left hand)
 q - an uncursed ring of sustain attributes
 s - a +3 ring of strength (right hand)
 y - an amulet of rage (around neck)
 P - an uncursed ring of see invisible
Wands
 o - a wand of enslavement (9/24)
 E - a wand of disintegration (17/24)
 F - a wand of polymorph (11/24)
 M - a wand of digging (10/24)
 N - a wand of slowing (4/48)
 S - a wand of lightning (5/15)
 W - a wand of slowing (18/48)
 Z - a wand of polymorph (9/24)
Scrolls
 g - 8 scrolls of teleportation
 k - a scroll of recharging
 t - 7 scrolls of remove curse
 u - a scroll of magic mapping
 v - 16 scrolls of identify
 w - a scroll of enchant weapon
 B - a scroll of enchant armour
 U - a scroll of fog
Potions
 d - 10 potions of curing
 i - 2 potions of resistance
 m - 2 potions of cure mutation
 n - 2 potions of cancellation
 C - a potion of agility
 R - 3 potions of berserk rage
 T - 4 potions of heal wounds
Miscellaneous
 e - a phantom mirror
 J - a box of beasts
 L - a phial of floods
 V - a stone of tremors
Comestibles
 c - 7 bread rations
 f - 6 meat rations
 r - 15 fruits
 I - 4 beef jerkies
 O - 8 slices of pizza
 Y - a royal jelly


   Skills:
 + Level 13.5 Fighting
 - Level 16.1 Maces & Flails
 + Level 13.1 Armour
 + Level 12.2 Dodging
 - Level 1.0 Stealth
 + Level 12.4 Shields


You had 13 spell levels left.
You didn't know any spells.

Dungeon Overview and Level Annotations

Branches:
Dungeon (13/15)            Temple (1/1) D:6            Lair (6/8) D:11
  Swamp (0/4) Lair:4       Spider (0/4) Lair:3        Slime (0/6) Lair:6
    Orc (0/2) D:11         Vaults (0/5) D:13

Altars:
Ashenzari
Elyvilon
Fedhas
Gozag
Kikubaaqudgha
Makhleb
Qazlal
Ru
Sif Muna
Trog
Vehumet
Xom
Yredelemnul
Zin
Jiyva

Shops:
D:9 ?   D:12 (

Portals:
Sewer: D:3

Annotations:
Lair:5 exclusion: oklob plant


Innate Abilities, Weirdness & Mutations

You reflexively headbutt those who attack you in melee.
You have a pair of horns on your head.
You are resistant to hostile enchantments.


Message History

The acid blob is lightly wounded.
The acid blob spits acid at you. The splash of acid hits you!
The acid burns!
Your plate armour prevents you from hitting the acid blob.
The acid blob is lightly wounded.
The acid blob spits acid at you. The splash of acid hits you!
* * * LOW HITPOINT WARNING * * *
The acid burns!
* * * LOW HITPOINT WARNING * * *
The acid blob spits acid at you. The splash of acid hits you!
* * * LOW HITPOINT WARNING * * *
The acid corrodes you!
The acid burns!
* * * LOW HITPOINT WARNING * * *
Your two-headed ogre goes berserk!
You feel somewhat more hungry. The acid blob spits acid at you.
The splash of acid hits you!
You die...

##.#####.......P..#...
#.#.>.#.....#P..####.
###.#...#..........##..
#...#._.#..............
######'##...........P..
##....P............P.
#...J................
#....................
#..O@................
#.#.....#.............
####..........#.......
##...................
#...............P#...
##................PP.
##...................
#....................
##P...............#..


You could see an acid blob and a friendly two-headed ogre (berserk).

Vanquished Creatures
  An acid blob (Lair:6)
  A vault guard (D:12)
  Fannar (D:11)
  5 hydras
  A catoblepas (Lair:5)
  3 centaur warriors
  6 death yaks (Lair:6)
  2 tengu warriors (D:12)
  Urug (D:13)
  A wizard (D:13)
  5 large abominations
  Pikel (D:6)
  2 unseen horrors
  2 hill giants
  3 necromancers (D:13)
  An orb spider (Lair:3)
  3 ugly things
  A deep elf mage (D:13)
  A cyclops (D:11)
  A manticore (D:12)
  6 elephants (Lair:4)
  4 black mambas
  Joseph (D:7)
  A gargoyle (D:10)
  A centaur skeleton (D:11)
  A kobold demonologist (D:11)
  8 spiny frogs
  6 komodo dragons
  3 rime drakes
  2 efreet (D:13)
  6 trolls
  2 two-headed ogres
  A slime creature (D:12)
  A wraith (D:12)
  45 yaks
  A shadow (D:11)
  A vampire (D:11)
  17 humans
  A wyvern (D:11)
  2 basilisks
  7 hippogriffs
  2 hungry ghosts
  A steam dragon (D:8)
  8 water moccasins
  8 porcupines
  4 orc warriors
  11 ice beasts
  2 black bears (D:7)
  4 sky beasts
  A phantom (D:11)
  9 wolves
  3 eyes of draining
  A necrophage (D:12)
  7 ogres
  A wasp (D:12)
  5 centaurs
  13 crocodiles
  8 big kobolds
  11 giant frogs
  A wyvern zombie (D:12)
  A wyvern skeleton (D:8)
  5 scorpions
  2 wights (D:11)
  6 howler monkeys
  7 small abominations
  2 crimson imps
  A centaur zombie (D:6)
  A giant frog skeleton (D:10)
  2 quasits
  6 hounds
  4 jellies
  5 orc priests
  9 iguanas
  16 orc wizards
  12 worker ants
  7 sheep
  4 gnolls (D:2)
  A worker ant zombie (D:8)
  14 adders
  37 river rats
  A shadow imp (D:5)
  An ooze (D:2)
  3 adder zombies
  An adder skeleton (D:7)
  7 worms
  2 dart slugs
  9 giant geckos
  38 orcs
  2 ball pythons
  15 bats
  12 giant cockroaches
  10 goblins
  9 hobgoblins
  6 jackals
  7 quokkas
  9 giant newts
  A jackal zombie (D:5)
  22 kobolds
  2 quokka skeletons
  7 rats
  A plant (D:11)
566 creatures vanquished.

Vanquished Creatures (collateral kills)
  Gastronok (D:9)
  A catoblepas (D:13)
  The ghost of harwe the Unseen, a journeyman SpEn of Nemelex Xobeh (D:12)
  2 wizards
  A centaur zombie (D:13)
  3 slime creatures (D:12)
  2 humans (D:13)
  A hippogriff (Lair:1)
  A mottled dragon (D:11)
  A phantom (D:8)
  A big kobold (D:11)
  A giant frog (D:12)
  2 wights (D:11)
  2 jellies
  3 orc priests
  A hound (D:12)
  3 orc wizards (D:12)
  An orc (D:8)
28 creatures vanquished.

Vanquished Creatures (others)
  A crocodile (Lair:1)
  A crimson imp (D:6)
  4 gnolls (D:6)
  2 fungi
  2 plants (D:13)
10 creatures vanquished.

Grand Total: 604 creatures vanquished

Notes
Turn   | Place    | Note
--------------------------------------------------------------
     0 | D:1      | sleepydude the Minotaur Berserker began the quest for the Orb.
     0 | D:1      | Reached XP level 1. HP: 19/19 MP: 0/0
    28 | D:1      | Reached skill level 4 in Maces & Flails
   118 | D:1      | Reached XP level 2. HP: 24/26 MP: 1/1
   583 | D:2      | Found a shimmering altar of Xom.
   584 | D:2      | Noticed an angel
   587 | D:2      | Found a glowing silver altar of Zin.
   595 | D:2      | Reached skill level 5 in Maces & Flails
   595 | D:2      | Reached XP level 3. HP: 30/31 MP: 2/2
   597 | D:2      | Reached ** piety under Trog
   957 | D:2      | Reached XP level 4. HP: 39/39 MP: 3/3
   962 | D:2      | Reached skill level 6 in Maces & Flails
  1079 | D:2      | Found a burning altar of Makhleb.
  1544 | D:3      | Reached *** piety under Trog
  1587 | D:3      | Reached XP level 5. HP: 44/45 MP: 4/4
  1657 | D:3      | Found a glowing drain.
  1708 | D:3      | Reached skill level 7 in Maces & Flails
  2376 | D:4      | Reached skill level 8 in Maces & Flails
  2376 | D:4      | Reached XP level 6. HP: 48/51 MP: 5/5
  2418 | D:4      | Found a sacrificial altar of Ru.
  2515 | D:4      | Found a radiant altar of Vehumet.
  2722 | D:5      | Entered Level 5 of the Dungeon
  2738 | D:5      | Reached skill level 1 in Stealth
  2772 | D:5      | Found an opulent altar of Gozag.
  2834 | D:5      | Reached skill level 9 in Maces & Flails
  3174 | D:5      | Noticed an ice beast
  3182 | D:5      | Killed an ice beast
  3182 | D:5      | Reached XP level 7. HP: 32/57 MP: 6/6
  3292 | D:5      | Found a burning altar of Makhleb.
  3387 | D:5      | Found a bloodstained altar of Trog.
  3663 | D:5      | Reached **** piety under Trog
  3663 | D:5      | Reached skill level 10 in Maces & Flails
  3710 | D:6      | Found a sand-covered staircase.
  3766 | D:6      | Noticed Pikel
  3776 | D:6      | Killed Pikel
  3776 | D:6      | Reached skill level 11 in Maces & Flails
  3776 | D:6      | Reached XP level 8. HP: 64/64 MP: 7/7
  3850 | D:6      | Found a staircase to the Ecumenical Temple.
  3873 | D:6      | Reached skill level 12 in Maces & Flails
  4196 | D:6      | Found a deep blue altar of Sif Muna.
  4196 | D:6      | Found a white marble altar of Elyvilon.
  4197 | D:6      | Found a basalt altar of Yredelemnul.
  4260 | D:6      | Found a shattered altar of Ashenzari.
  4613 | Temple   | Entered the Ecumenical Temple
  4671 | D:7      | Reached skill level 13 in Maces & Flails
  4787 | D:7      | Noticed Joseph
  4816 | D:7      | Killed Joseph
  4816 | D:7      | Reached XP level 9. HP: 39/70 MP: 8/8
  5041 | D:7      | Reached skill level 14 in Maces & Flails
  6056 | D:8      | Reached skill level 5 in Armour
  6083 | D:8      | Reached ***** piety under Trog
  6132 | D:8      | Noticed a troll
  6141 | D:8      | Killed a troll
  6141 | D:8      | Reached skill level 5 in Dodging
  6351 | D:8      | Noticed a centaur warrior
  6370 | D:8      | Killed a centaur warrior
  6370 | D:8      | Reached XP level 10. HP: 58/77 MP: 9/9
  7084 | D:9      | Found a stormy altar of Qazlal.
  7219 | D:9      | Found an ancient bone altar of Kikubaaqudgha.
  7219 | D:9      | Found a blossoming altar of Fedhas.
  7382 | D:9      | Found Vywaq Imunni's Magic Scroll Emporium.
  7391 | D:9      | Bought a scroll of identify for 34 gold pieces
  7391 | D:9      | Bought a scroll of identify for 34 gold pieces
  7685 | D:9      | Reached skill level 5 in Fighting
  7729 | D:9      | Noticed a wizard
  7729 | D:9      | Noticed Gastronok
  7750 | D:9      | Killed a wizard
  7754 | D:9      | Killed Gastronok
  7754 | D:9      | Received a gift from Trog
  8021 | D:9      | Noticed a large abomination
  8021 | D:9      | Noticed a large abomination
  8021 | D:9      | Noticed a large abomination
  8030 | D:9      | Killed a large abomination
  8255 | D:8      | Reached XP level 11. HP: 49/97 MP: 5/10
  8458 | D:8      | Killed a large abomination
  8657 | D:9      | Killed a large abomination
  8706 | D:9      | Reached skill level 10 in Fighting
  9205 | D:10     | Entered Level 10 of the Dungeon
  9736 | D:11     | Found a staircase to the Lair.
  9746 | D:11     | Noticed a purple ugly thing
  9759 | D:11     | Killed a purple ugly thing
  9803 | D:11     | Noticed Fannar
  9814 | D:11     | Killed Fannar
  9943 | D:11     | Killed an unseen horror
 10153 | D:11     | Reached skill level 10 in Armour
 10198 | D:11     | Found a staircase to the Orcish Mines.
 10398 | D:11     | Noticed a centaur warrior
 10411 | D:11     | Killed a centaur warrior
 10790 | D:11     | Noticed a purple ugly thing
 10799 | D:11     | Killed a purple ugly thing
 10799 | D:11     | Reached skill level 10 in Dodging
 10799 | D:11     | Reached XP level 12. HP: 93/110 MP: 9/11
 11117 | D:12     | Received a gift from Trog
 11846 | D:12     | Noticed a tengu warrior
 11905 | D:12     | Noticed a tengu warrior
 11917 | D:12     | Killed a tengu warrior
 11922 | D:12     | Killed a tengu warrior
 12238 | D:12     | Noticed harwe's ghost (journeyman SpEn)
 12268 | D:12     | Killed harwe's ghost
 12291 | D:12     | Found Ekyzijeuwi's Antique Weapon Emporium.
 12779 | D:13     | Noticed a centaur warrior
 12780 | D:13     | Noticed Urug
 12793 | D:13     | Killed a centaur warrior
 12825 | D:13     | Killed Urug
 12825 | D:13     | Reached skill level 5 in Shields
 13013 | D:13     | Noticed a catoblepas
 13026 | D:13     | Killed a catoblepas
 13195 | D:13     | Received a gift from Trog
 13195 | D:13     | Reached XP level 13. HP: 119/119 MP: 12/12
 13272 | D:13     | Found a gate to the Vaults.
 13272 | D:13     | Noticed a vault guard
 13651 | D:12     | Killed a vault guard
 13921 | D:13     | Reached skill level 10 in Shields
 14950 | Lair:1   | Entered Level 1 of the Lair of Beasts
 15265 | Lair:1   | Identified a scroll of acquirement
 15266 | Lair:1   | Got a scorched eveningstar
 15267 | Lair:1   | Identified the +2 eveningstar of Neurosis {freeze, +Rage rElec Str+4 Int+7} (You acquired it on level 1 of the Lair of Beasts)
 16761 | Lair:2   | Reached skill level 15 in Maces & Flails
 17078 | Lair:3   | Found a hole to the Spider Nest.
 17153 | Lair:3   | Found a labyrinth entrance.
 17209 | Lair:3   | Received a gift from Trog
 17234 | Lair:3   | Gained mutation: You are resistant to hostile enchantments. [potion of beneficial mutation]
 17761 | Lair:4   | Reached skill level 16 in Maces & Flails
 17840 | Lair:4   | Reached XP level 14. HP: 114/127 MP: 13/13
 17864 | Lair:4   | Found a staircase to the Swamp.
 18621 | Lair:5   | Found a frozen archway.
 18892 | Lair:5   | Received a gift from Trog
 20573 | Lair:6   | Found a runed door.
 20574 | Lair:6   | Found a viscous altar of Jiyva.
 20574 | Lair:6   | Noticed an acid blob
 20576 | Lair:6   | Found a staircase to the Slime Pits.
 20576 | Lair:6   | Noticed an acid blob
 20589 | Lair:6   | Killed an acid blob
 20595 | Lair:6   | HP: 4/129 [acid (13)]
 20596 | Lair:6   | Killed from afar by an acid blob

Skill      XL: |  1  2  3  4  5  6  7  8  9 10 11 12 13 14 |
---------------+-------------------------------------------+-----
Maces & Flails | 4 5 6 8 9 11 13 14 16 | 16.1
Stealth        | 1 |  1.0
Armour         | 7 8 10 12 13 | 13.1
Dodging        | 6 8 10 11 12 | 12.2
Fighting       | 9 11 12 13 | 13.5
Shields        | 8 11 12 | 12.4

Action                   |  1- 3 |  4- 6 |  7- 9 | 10-12 | 13-15 || total
-------------------------+-------+-------+-------+-------+-------++-------
Melee: Mace              |    66 |   181 |   268 |   716 |   230 ||  1461
       Headbutt          |     9 |    33 |    60 |   192 |   190 ||   484
       Eveningstar       |       |       |       |       |   411 ||   411
Invok: Berserk           |       |       |     5 |     5 |       ||    10
       Burn Spellbooks   |       |       |     2 |     3 |       ||     5
       Brothers in Arms  |       |       |     1 |     8 |     3 ||    12
 Abil: Evoke Berserk Rag |       |       |       |     5 |     6 ||    11
Evoke: Phial of floods   |       |       |       |       |     1 ||     1
  Use: Potion            |       |     6 |       |     1 |     2 ||     9
       Scroll            |       |     1 |    11 |     2 |    14 ||    28
 Stab: Distracted        |       |       |       |       |     1 ||     1
  Eat: Chunk             |       |     5 |     5 |    24 |    18 ||    52
       Meat ration       |       |     1 |       |     2 |       ||     3
       Beef jerky        |       |       |     1 |     1 |       ||     2
       Royal jelly       |       |       |     1 |       |       ||     1
       Bread ration      |       |       |     1 |       |     1 ||     2
       Fruit             |       |       |       |       |     6 ||     6
       Pizza             |       |       |       |       |     1 ||     1
Armor: Animal skin       |     9 |       |       |       |       ||     9
       Scale mail        |    14 |       |       |       |       ||    14
       Plate armour      |     1 |   123 |   111 |   248 |   173 ||   656
Dodge: Dodged            |    36 |    60 |   119 |   357 |   347 ||   919
Block: Buckler           |       |       |       |    60 |   161 ||   221
